 Dungeon Crawl Stone Soup version 0.30-a0-390-g80c34de65d (webtiles) character file.

Game seed: 16925223903003267772

472 zupo the Poker (level 7, -4/49 (56) HPs)
             Began as a Gnoll Reaver on Dec 4, 2022.
             Was a Follower of Sif Muna.
             Slain by a hound (5 damage)
             ... on level 4 of the Dungeon.
             The game lasted 00:35:41 (4226 turns).

zupo the Poker (Gnoll Reaver)                       Turns: 4226, Time: 00:35:41

HP:   -4/49 (56)    AC: -6    Str: 11    XL:     7   Next: 9%
MP:   0/15          EV: 13    Int: 15    God:    Sif Muna [*.....]
Gold: 254           SH:  0    Dex: 12    Spells: 16/17 levels left

rFire   + . .      SeeInvis .    o - +3 dagger of the Imperium {flame, rF+ Int+2}
rCold   . . .      Faith    .    (no shield)
rNeg    . . .      Spirit   +    b - +1 leather armour
rPois   .          Reflect  .    (no helmet)
rElec   .          Harm     .    j - +0 cloak
rCorr   .          Rampage  .    (no gloves)
Will    .....                    (no boots)
Stlth   ++........               q - amulet of guardian spirit
HPRegen 0.28/turn                (no ring)
MPRegen 0.14/turn                (no ring)

@: corroded, heavily drained, invisible
A: fangs 1, strong nose, distributed training
a: Renounce Religion, Channel Magic


You were on level 4 of the Dungeon.
You worshipped Sif Muna.
Sif Muna was aware of your devotion.
You visited 1 branch of the dungeon, and saw 5 of its levels.

You collected 254 gold pieces.

Inventory:

Hand Weapons
 e - a +0 sling
 o - the +3 dagger of the Imperium (weapon) {flame, rF+ Int+2}
   (You found it on level 3 of the Dungeon)

   It burns those it strikes, dealing additional fire damage.
   Int:       It affects your intelligence (+2).
   rF:        It protects you from fire.
Missiles
 f - 32 stones
Armour
 b - a +1 leather armour (worn)
 j - a +0 cloak (worn)
 m - a +0 ring mail
 r - a +0 plate armour
Jewellery
 q - an amulet of guardian spirit (around neck)
Wands
 a - a wand of digging (2)
 k - a wand of light (16)
 t - a wand of polymorph (6)
Scrolls
 d - 2 scrolls of magic mapping
 h - a scroll of fear
 i - a scroll of torment
 p - a scroll of amnesia
 x - 2 scrolls of summoning
Potions
 c - a potion of invisibility
 g - a potion of lignification {unknown}
 l - a potion of berserk rage {unknown}
 n - a potion of curing {unknown}
 s - 2 potions of brilliance
 u - a potion of haste {unknown}
 v - a potion of resistance {unknown}


   Skills:
 + Level 5.2 Fighting
 + Level 2.3 Short Blades
 + Level 2.3 Long Blades
 + Level 2.3 Axes
 + Level 2.3 Maces & Flails
 + Level 7.0 Polearms
 + Level 2.3 Staves
 + Level 2.3 Ranged Weapons
 + Level 2.3 Throwing
 + Level 2.3 Armour
 + Level 5.2 Dodging
 + Level 2.3 Stealth
 + Level 2.3 Shields
 + Level 2.3 Unarmed Combat
 + Level 5.5 Spellcasting
 + Level 5.8 Conjurations
 + Level 1.9 Hexes
 + Level 1.9 Summonings
 + Level 1.9 Necromancy
 + Level 1.9 Translocations
 + Level 1.9 Transmutations
 + Level 1.9 Fire Magic
 + Level 1.9 Ice Magic
 + Level 1.9 Air Magic
 + Level 1.9 Earth Magic
 + Level 1.9 Poison Magic
 + Level 2.6 Invocations
 + Level 2.3 Evocations


You had 16 spell levels left.
You knew the following spells:

 Your Spells              Type           Power      Damage    Failure   Level
a - Kiss of Death         Conj/Necr      60%        2d10      4%          1

Your spell library contained the following spells:

 Spells                   Type           Power      Damage    Failure   Level
 Momentum Strike          Conj/Tloc      30%        3d8       6%          2
 Hailstorm                Conj/Ice       15%        3d5       12%         3
 Cigotuvi's Dreadful Rot  Necr/Pois/Air  18%        N/A       14%         2
 Ensorcelled Hibernation  Hex/Ice        18%        N/A       14%         2
 Passwall                 Tmut/Erth      7%         N/A       14%         2
 Poisonous Vapours        Pois/Air       18%        N/A       14%         2
 Mephitic Cloud           Conj/Pois/Air  13%        N/A       16%         3
 Spider Form              Tmut/Pois      9%         N/A       28%         3
 Swiftness                Air            9%         N/A       28%         3
 Anguish                  Hex/Necr       4%         N/A       67%         4


Dungeon Overview and Level Annotations

Branches:
Dungeon (5/15)
 Temple: D:4-7

Altars:
Elyvilon
Sif Muna

Annotations:
D:4 1 runed translucent door, Crazy Yiuf


Innate Abilities, Weirdness & Mutations

You have very sharp teeth.
Your uncanny sense of smell can sniff out nearby items.
Your experience applies equally to all skills.


Message History

* * * LOW HITPOINT WARNING * * *
You are splashed with acid.
* * * LOW HITPOINT WARNING * * *
Casting: Kiss of Death (safe; 4% risk of failure)
Confirm with . or Enter, or press ? or * to list all spells.
Aiming: Kiss of Death (safe; 4% risk of failure)
Press: ? - help, Shift-Dir - straight line, f - jelly
Aim: a jelly (moderately wounded, 100% to hit)
The negative energy hits the jelly!
The jelly is drained!
You kill the jelly!
Sif Muna accepts your kill.
You feel drained. The hound bites you.
* * * LOW HITPOINT WARNING * * *
You fade into invisibility!
The hound completely misses you. The hound bites you.
* * * LOW HITPOINT WARNING * * *
The hound bites you. The hound attacks as you move away!
The hound closely misses you. The hound attacks as you move away!
The hound bites you.
* * * LOW HITPOINT WARNING * * *
The hound barely misses you. The hound barely misses you.
The hound completely misses you. The hound bites you.
* * * LOW HITPOINT WARNING * * *
There is a stone staircase leading up here.
The hound bites you. The hound barely misses you.
You climb upwards.
Level annotation: 1 runed translucent door, Crazy Yiuf
There is a stone staircase leading down here.
You completely miss the hound. The hound barely misses you.
You closely miss the hound.
The hound pauses to sniff the ground.
The hound bites you.
* * * LOW HITPOINT WARNING * * *
You hit the hound but do no damage. The hound barely misses you.
You barely miss the hound. You bite the hound, but do no damage.
The hound bites you.
You die...

##########
#........# #####
#.######.####...##
#@# #.............
#h# #.##.####....#
#.###.##.# ###...
#........# #....
#####.#### ##...
##.# ##.# ##..#
#.# ##.#.## #.#
#.###.# ##'#


You could see a hound.

Vanquished Creatures
  A black bear (D:4)
  An ogre (D:4)
  A howler monkey (D:3)
  A jelly (D:5)
  A hound (D:4)
  Ijyb (D:4)
  2 orc wizards (D:3)
  5 adders
  A worm (D:4)
  3 dart slugs
  4 orcs (D:3)
  3 ball pythons
  5 endoplasms
  A giant cockroach (D:2)
  8 goblins
  5 hobgoblins
  10 jackals
  A quokka (D:1)
  3 bats (D:1)
  2 frilled lizards
  4 kobolds
  7 rats
70 creatures vanquished.

Notes
Turn   | Place    | Note
-------+----------+-------------------------------------------
     0 | D:1      | zupo the Gnoll Reaver began the quest for the Orb.
     0 | D:1      | Reached XP level 1. HP: 20/20 MP: 6/6
   148 | D:1      | Reached XP level 2. HP: 26/26 MP: 7/7
   706 | D:1      | Reached skill level 5 in Spellcasting
   706 | D:1      | Reached XP level 3. HP: 31/31 MP: 7/9
  1366 | D:2      | Reached skill level 1 in Invocations
  1767 | D:2      | Found a shimmering blue altar of Sif Muna.
  1776 | D:2      | Became a worshipper of Sif Muna the Loreminder
  1990 | D:3      | Identified the +3 dagger of the Imperium {flame, rF+ Int+2}
  2244 | D:3      | Reached skill level 1 in Short Blades
  2244 | D:3      | Reached skill level 1 in Long Blades
  2244 | D:3      | Reached skill level 1 in Axes
  2244 | D:3      | Reached skill level 1 in Maces & Flails
  2244 | D:3      | Reached skill level 1 in Staves
  2244 | D:3      | Reached skill level 1 in Ranged Weapons
  2244 | D:3      | Reached skill level 1 in Throwing
  2244 | D:3      | Reached skill level 1 in Armour
  2244 | D:3      | Reached skill level 1 in Stealth
  2244 | D:3      | Reached skill level 1 in Shields
  2244 | D:3      | Reached skill level 1 in Unarmed Combat
  2244 | D:3      | Reached skill level 1 in Evocations
  2288 | D:3      | Reached skill level 1 in Hexes
  2288 | D:3      | Reached skill level 1 in Summonings
  2288 | D:3      | Reached skill level 1 in Necromancy
  2288 | D:3      | Reached skill level 1 in Translocations
  2288 | D:3      | Reached skill level 1 in Transmutations
  2288 | D:3      | Reached skill level 1 in Fire Magic
  2288 | D:3      | Reached skill level 1 in Ice Magic
  2288 | D:3      | Reached skill level 1 in Air Magic
  2288 | D:3      | Reached skill level 1 in Earth Magic
  2288 | D:3      | Reached skill level 1 in Poison Magic
  2288 | D:3      | Reached XP level 4. HP: 32/38 MP: 9/11
  2829 | D:4      | Reached XP level 5. HP: 24/40 MP: 12/12
  2939 | D:4      | Noticed a black bear
  2949 | D:4      | Killed a black bear
  2950 | D:4      | Reached XP level 6. HP: 17/46 MP: 12/14
  3106 | D:4      | Noticed Ijyb
  3138 | D:4      | Killed Ijyb
  3139 | D:4      | Reached skill level 5 in Fighting
  3139 | D:4      | Reached skill level 5 in Dodging
  3332 | D:4      | Found a white marble altar of Elyvilon.
  3636 | D:3      | Reached skill level 7 in Polearms
  3636 | D:3      | Reached XP level 7. HP: 31/55 MP: 11/15
  3639 | D:3      | Reached * piety under Sif Muna
  4017 | D:4      | Found a runed translucent door.
  4018 | D:4      | Noticed Crazy Yiuf
  4157 | D:5      | Entered Level 5 of the Dungeon
  4224 | D:4      | HP: 1/49 [hound (4)]
  4226 | D:4      | Slain by a hound

Illustrated notes

Levels and vault maps discovered:
D:1:      minmay_arrival_checkered_box, layout_basic, hangedman_decor_opposing
D:2:      layout_basic, basic_altar
D:3:      layout_basic, grunt_ministairs_9
D:4:      layout_loops_corners, mainiacjoe_overflow_catwalk, uniq_ijyb,
          uniq_crazy_yiuf_cottage
D:5:      layout_cave_pools, fedhas_altar_2

Skill      XL: |  1  2  3  4  5  6 |
---------------+-------------------+-----
Spellcasting   | 5 |  5.5
Invocations    | 1 2 |  2.6
Short Blades   | 1 2 |  2.3
Long Blades    | 1 2 |  2.3
Axes           | 1 2 |  2.3
Maces & Flails | 1 2 |  2.3
Staves         | 1 2 |  2.3
Ranged Weapons | 1 2 |  2.3
Throwing       | 1 2 |  2.3
Armour         | 1 2 |  2.3
Stealth        | 1 2 |  2.3
Shields        | 1 2 |  2.3
Unarmed Combat | 1 2 |  2.3
Evocations     | 1 2 |  2.3
Hexes          | 1 |  1.9
Summonings     | 1 |  1.9
Necromancy     | 1 |  1.9
Translocations | 1 |  1.9
Transmutations | 1 |  1.9
Fire Magic     | 1 |  1.9
Ice Magic      | 1 |  1.9
Air Magic      | 1 |  1.9
Earth Magic    | 1 |  1.9
Poison Magic   | 1 |  1.9
Fighting       | 5 |  5.2
Dodging        | 5 |  5.2
Polearms       | 7 |  7.0
Conjurations   | |  5.8

Action                   |  1- 3 |  4- 6 |  7- 9 || total
-------------------------+-------+-------+-------++-------
Melee: Spear             |   101 |       |       ||   101
       Bite              |     9 |    14 |     2 ||    25
       Dagger            |    12 |   105 |    16 ||   133
       Punch             |     1 |     1 |     1 ||     3
 Cast: Kiss of Death     |     1 |     4 |     1 ||     6
  Use: Scroll            |     4 |     4 |     2 ||    10
       Potion            |       |       |     1 ||     1
 Stab: Sleeping          |       |     1 |       ||     1
Armor: Leather armour    |    26 |    20 |     3 ||    49
Dodge: Dodged            |    67 |    61 |    15 ||   143

Table legend: (Time is in decaauts)
 A = Elapsed time spent in this place.
 B = Non-inter-level travel time spent in this place.
 C = Inter-level travel time spent in this place.
 D = Time resting spent in this place.
 E = Time spent auto-exploring this place.
 F = Levels seen in this place.
 G = Mean time per level.
                   A        B        C        D        E       F      G
               +--------+--------+--------+--------+--------+-----+--------+
         Total |   4192 |   3341 |    851 |      0 |     39 |   5 |  838.4 |
       Dungeon |   4192 |   3341 |    851 |      0 |     39 |   5 |  838.4 |
               +--------+--------+--------+--------+--------+-----+--------+

Top non-repeatable levels by time:
     D:4: 1184 daAuts
     D:3: 1039 daAuts
     D:1: 1025 daAuts
     D:2: 905 daAuts
     D:5: 36 daAuts
